 Dungeon Crawl Stone Soup version 0.22-a0-283-g1871b15 (webtiles) character file.

897 grindst0ne the Ducker (level 8, -6/79 (81) HPs)
             Began as a Kobold Berserker on Mar 19, 2018.
             Was a Believer of Trog.
             Killed from afar by an orc wizard (9 damage)
             ... with a puff of frost
             ... on level 4 of the Dungeon.
             The game lasted 00:07:26 (3930 turns).

grindst0ne the Ducker (Kobold Berserker)            Turns: 3930, Time: 00:07:27

HP:   -6/79 (81)    AC: 10    Str: 20      XL:     8   Next: 28%
MP:   8/8           EV: 17    Int: 14      God:    Trog [**....]
Gold: 228           SH:  0    Dex: 14 (15) Spells: 7/7 levels left

rFire    + . .     SeeInvis .   a - +0 hand axe
rCold    . . .     Gourm    .   (shield restricted)
rNeg     . . .     Faith    .   n - +0 scale mail
rPois    .         Spirit   .   l - +0 helmet
rElec    .         Reflect  .   j - +2 cloak
rCorr    .         Harm     .   (no gloves)
MR       .....                  (no boots)
Stlth    ..........             k - amulet of magic regeneration
HPRegen  0.23/turn              q - ring of protection from fire
MPRegen  0.36/turn              (no ring)

@: brilliant, berserking, flying, very quick
A: small, carnivore
a: Berserk, Trog's Hand, Renounce Religion


You were on level 4 of the Dungeon.
You worshipped Trog.
Trog was pleased with you.
You were very full.

You visited 1 branch of the dungeon, and saw 4 of its levels.

You collected 228 gold pieces.

Inventory:

Hand Weapons
 a - a +0 hand axe (weapon)
 u - a +0 war axe
Armour
 j - a +2 cloak (worn)
 l - a +0 helmet (worn)
 n - a +0 scale mail (worn)
 p - a +0 chain mail
Jewellery
 k - an amulet of magic regeneration (around neck)
 q - a ring of protection from fire (left hand)
Wands
 b - a wand of disintegration (17)
 r - a wand of polymorph (1)
Scrolls
 d - a scroll of teleportation
 e - a scroll of remove curse
 f - a scroll of noise {unknown}
 i - a scroll of amnesia
 m - a scroll of enchant armour {unknown}
 o - 4 scrolls of identify {unknown}
 v - a scroll of magic mapping {unknown}
Comestibles
 c - 6 rations
 s - 2 chunks of flesh


   Skills:
 + Level 7.6 Fighting
 - Level 2.4 Axes
 - Level 1.5 Armour
 + Level 7.9 Dodging


You had 7 spell levels left.
You didn't know any spells.

Dungeon Overview and Level Annotations

Branches:
Dungeon (4/15)
 Temple: D:4-7

Altars:
Hepliaklqana
Trog
The Shining One


Innate Abilities, Weirdness & Mutations

You are small and have problems with some larger weapons.
You are carnivorous and can eat meat at any time.


Message History

You feel forgetful for a moment. The orc wizard closely misses you.
The ogre misses you.
A red film seems to cover your vision as you go berserk!
You feel yourself moving faster!
You feel mighty!
You feel quite a bit less full.
The orc wizard hits you but does no damage.
The orc wizard casts a spell.
The orc wizard blinks!
The orc wizard closely misses you. The ogre closely misses you.
You slash the ogre!
The ogre is heavily wounded.
You hit the orc wizard. The orc wizard barely misses you.
The orc grunts to no one in particular.
Some of the chunks of flesh in your inventory have rotted away.
You slash the ogre!
The ogre is almost dead.
You closely miss the orc wizard.
The orc wizard points at you and mumbles some strange words.
The puff of frost hits you!
You die...

#.≈..≈..≈..≈.#
##..≈..≈≈..≈..##
#...########...#######
#..##.8..8.##).##....##
.≈##........##≈(#.....##
.##..######.†##.##o....#
.#..##.≈≈..#).#oo5...<.#
##.##≈....≈##.##o#.....#
#..#..#.⌠#..#..#@#.....#
#..#..#.>#§§#..#O#.....#
.#.##≈....§##.##S#....##
.#..##.≈≈§##.(#..#.....#
.##..######..##..#.....#
.≈ #...)....##.)#......#
#..##†8..8.##..##......
#...#.######...# ......
#..≈..≈≈..≈..## ......


You could see an ogre, an orc priest, 2 orc wizards, a crimson imp, an adder and
an orc.

Vanquished Creatures
  Sigmund (D:2)
  A phantom (D:3)
  2 ogres (D:4)
  A scorpion (D:4)
  A howler monkey (D:4)
  An orc priest (D:3)
  Crazy Yiuf (D:2)
  An orc wizard (D:3)
  Ijyb (D:3)
  Terence (D:3)
  An iguana (D:4)
  Natasha (D:3)
  3 adders
  An ooze (D:1)
  An adder skeleton (D:4)
  3 worms
  3 dart slugs
  3 leopard geckos
  5 orcs
  6 giant cockroaches
  10 goblins
  12 hobgoblins
  3 jackals (D:2)
  6 kobolds
  A quokka (D:4)
  A ball python (D:1)
  6 bats
  3 frilled lizards
  11 rats
91 creatures vanquished.

Vanquished Creatures (others)
  A necrophage (D:4)
1 creature vanquished.

Grand Total: 92 creatures vanquished

Notes
Turn   | Place    | Note
-------+----------+-------------------------------------------
     0 | D:1      | grindst0ne the Kobold Berserker began the quest for the Orb.
     0 | D:1      | Reached XP level 1. HP: 14/14 MP: 1/1
    62 | D:1      | Reached XP level 2. HP: 18/19 MP: 2/2
   527 | D:1      | Reached XP level 3. HP: 22/24 MP: 3/3
   922 | D:1      | Reached ** piety under Trog
  1214 | D:2      | Reached XP level 4. HP: 29/29 MP: 4/4
  1273 | D:2      | Found a hazy altar of Hepliaklqana.
  1333 | D:2      | Found a runed door.
  1474 | D:2      | Found a glowing golden altar of the Shining One.
  1544 | D:2      | Found a glowing golden altar of the Shining One.
  1945 | D:2      | Noticed Sigmund
  1979 | D:2      | Killed Sigmund
  1979 | D:2      | Reached skill level 5 in Fighting
  1979 | D:2      | Reached skill level 5 in Dodging
  1979 | D:2      | Reached XP level 5. HP: 14/35 MP: 5/5
  1979 | D:2      | Reached XP level 6. HP: 16/40 MP: 6/6
  2290 | D:2      | Noticed Crazy Yiuf
  2298 | D:2      | Killed Crazy Yiuf
  2494 | D:3      | Noticed a phantom
  2524 | D:3      | Noticed Ijyb
  2530 | D:3      | Found a bloodstained altar of Trog.
  2544 | D:3      | Killed Ijyb
  2571 | D:3      | Killed a phantom
  2571 | D:3      | Reached XP level 7. HP: 26/47 MP: 7/7
  2782 | D:3      | Noticed Terence
  2789 | D:3      | Killed Terence
  3422 | D:3      | Noticed Natasha
  3425 | D:3      | Killed Natasha
  3886 | D:4      | Reached XP level 8. HP: 53/53 MP: 8/8
  3926 | D:4      | HP: 2/53 [orc wizard/dagger (3)]
  3930 | D:4      | Killed from afar by an orc wizard

Vault maps used:
D:1:      dpeg_arrival_chambers_temple_mockup
D:2:      lemuel_doored_altar, old_standard_altar, tso_metal_star,
          uniq_crazy_yiuf_cottage, uniq_sigmund
D:3:      lemuel_crystal_altar, minmay_vboxes, uniq_terence, uniq_natasha,
          uniq_ijyb
D:4:      nicolae_overflow_hidden_temple, kennysheep_mini, first_ration,
          hangedman_abyss_or_decor_stagger, abandoned_shop, minivault_19,
          nzn_random_ring

Skill      XL: |  1  2  3  4  5  6  7 |
---------------+----------------------+-----
Dodging        | 3 5 6 7 |  7.9
Fighting       | 4 5 6 7 |  7.6
Axes           | |  2.4
Armour         | |  1.5

Action                   |  1- 3 |  4- 6 |  7- 9 || total
-------------------------+-------+-------+-------++-------
Melee: Hand axe          |    89 |   137 |   162 ||   388
Invok: Berserk           |     1 |     5 |     5 ||    11
       Trog's Hand       |       |     2 |     2 ||     4
Evoke: Wand              |       |     9 |       ||     9
  Use: Potion            |       |     4 |     3 ||     7
       Scroll            |       |       |     3 ||     3
 Stab: Sleeping          |     2 |     1 |       ||     3
  Eat: Chunk             |     9 |    10 |    10 ||    29
Armor: Animal skin       |    15 |     1 |       ||    16
       Scale mail        |       |    44 |    70 ||   114
       Skin              |       |     2 |       ||     2
Dodge: Dodged            |    68 |    82 |   164 ||   314

Table legend:
 A = Spawn XP
 B = Non-spawn XP
 C = Spawn XP percentage of total XP
 D = Spawn monster count
 E = Non-spawn monster count
 F = Spawn count percentage of total count
 G = Total turns spent on level
                    A         B        C        D         E        F      G
               +---------+---------+-------+---------+---------+-------+---------
         Total |       0 |    1282 |   0.0 |       0 |      92 |   0.0 |  3930
               +---------+---------+-------+---------+---------+-------+---------
           D:1 |       0 |      49 |   0.0 |       0 |      26 |   0.0 |  1165
           D:2 |       0 |     305 |   0.0 |       0 |      20 |   0.0 |  1192
           D:3 |       0 |     387 |   0.0 |       0 |      31 |   0.0 |  1110
           D:4 |       0 |     541 |   0.0 |       0 |      15 |   0.0 |   463
               +---------+---------+-------+---------+---------+-------+---------
